 Dungeon Crawl Stone Soup version 0.31-a0-187-gba352fbbf7 (webtiles) character file.

Game seed: 14592517258660076228

46 pokeman the Magician (level 3, -4/20 HPs)
             Began as a Deep Elf Hedge Wizard on June 23, 2023.
             Slain by an orc
             ... wielding a +0 flail
              (8 damage)
             ... on level 2 of the Dungeon.
             The game lasted 00:02:39 (2058 turns).

pokeman the Magician (Deep Elf Hedge Wizard)        Turns: 2058, Time: 00:02:39

Health: -4/20      AC:  2    Str:  7    XL:     3   Next: 46%
Magic:  2/11       EV: 12    Int: 20    God:
Gold:   61         SH:  0    Dex: 14    Spells: 4/12 levels left

rFire   . . .        a - +0 dagger
rCold   . . .        (no shield)
rNeg    . . .        b - +0 robe
rPois   .            c - +0 hat
rElec   .            (no cloak)
rCorr   .            (no gloves)
SInv    .            (no boots)
Will    .....        (no amulet)
Stlth   ++           (no ring)
HPRegen 0.23/turn    (no ring)
MPRegen 0.12/turn

%: no passive effects
@: no status effects
A: no striking features
a: no special abilities


You were on level 2 of the Dungeon.
You visited 1 branch of the dungeon, and saw 3 of its levels.

You collected 61 gold pieces.

Inventory:

Hand Weapons
 a - a +0 dagger (weapon)
Armour
 b - a +0 robe (worn)
 c - a +0 hat (worn)
Jewellery
 h - an amulet of guardian spirit
Scrolls
 e - a scroll of immolation {unknown}
 f - a scroll of fog {unknown}
 g - a scroll of vulnerability {unknown}
 i - 3 scrolls of identify {unknown}
Potions
 d - 2 potions of magic
 j - a potion of might {unknown}
 k - 2 potions of lignification {unknown}
 l - a potion of berserk rage {unknown}


   Skills:
 + Level 0.9 Fighting
 + Level 0.9 Armour
 - Level 2.4 Dodging
 - Level 2.4 Stealth
 * Level 5.3 Spellcasting
 + Level 1.8 Conjurations
 - Level 1.1 Summonings
 - Level 1.1 Translocations


You had 4 spell levels left.
You knew the following spells:

 Your Spells              Type           Power      Damage    Failure   Level
a - Magic Dart            Conj           48%        1d5       5%          1
b - Mephitic Cloud        Conj/Pois/Air  7%         N/A       26%         3
c - Call Imp              Summ           18%        N/A       11%         2
d - Blink                 Tloc           18%        N/A       11%         2

Your spell library contained the following spells:

 Spells                   Type           Power      Damage    Failure   Level
 Necrotise                Necr           20%        1d5       12%         1
 Slow                     Hex            20%        N/A       12%         1
 Cigotuvi's Dreadful Rot  Necr/Pois/Air  10%        N/A       17%         2
 Vampiric Draining        Necr           5%         2d6       34%         3
 Agony                    Necr           5%         N/A       97%         5


Dungeon Overview and Level Annotations

Branches:
Dungeon (3/15)

Altars:


Message History

Aim: an orc, wielding a +0 flail and wearing a +0 ring mail (100% to hit)
The magic dart hits the orc but does no damage.
An orc comes into view. It is wielding a +0 hand axe.
The orc barely misses you.
Casting: Magic Dart (safe; 5% risk of failure)
Confirm with . or Enter, or press ? or * to list all spells.
You don't have enough magic to cast this spell.
Unknown command.
Casting: Magic Dart (safe; 5% risk of failure)
Confirm with . or Enter, or press ? or * to list all spells.
You don't have enough magic to cast this spell.
Unknown command.
Unknown command.
The orc attacks as you move away! The orc hits you but does no damage.
The orc attacks as you move away! The orc hits you with a +0 flail.
The orc attacks as you move away! The orc hits you with a +0 flail.
There is a stone staircase leading up here.
The orc hits you with a +0 flail.
You climb upwards.
There is a stone staircase leading down here.
You hit the orc but do no damage. The orc barely misses you.
You hit the orc but do no damage. The orc hits you but does no damage.
You barely miss the orc. The orc closely misses you.
You hit the orc.
The orc is moderately wounded.
The orc completely misses you.
You hit the orc but do no damage.
The orc is moderately wounded.
The orc closely misses you.
You hit the orc but do no damage.
The orc is moderately wounded.
The orc hits you with a +0 flail!
Ouch! That really hurt!
* * * LOW HITPOINT WARNING * * *
The orc attacks as you move away! The orc barely misses you.
The orc attacks as you move away! The orc hits you with a +0 flail.
* * * LOW HITPOINT WARNING * * *
The orc attacks as you move away! The orc barely misses you.
The orc attacks as you move away! The orc hits you with a +0 flail!
You die...

#..#### #.##.# #..##....#.##.
#.....## #.##.# #..##......#.♣
####..###.###.##.####.##.........
...#..............###.##......#..
##.#..#...............###...#.###
##<#..#.##.##..........###.##.# #
##.#....#.###..............##.#
....##...###..................#
##.#.#.####....o@......########
.......................#
###########......#.#.###
##>......#.# ##.##.###.#
####.....# #######


You could see an orc.

Vanquished Creatures
  An adder (D:2)
  A worm (D:2)
  A dart slug (D:1)
  An orc (D:3)
  5 ball pythons
  3 endoplasms
  3 giant cockroaches
  2 goblins
  2 hobgoblins
  3 quokkas
  2 bats (D:2)
  3 kobolds
  2 rats
29 creatures vanquished.

Notes
Turn   | Place    | Note
-------+----------+-------------------------------------------
     0 | D:1      | pokeman the Deep Elf Hedge Wizard began the quest for the
                  | Orb.
     0 | D:1      | Reached XP level 1. HP: 10/10 MP: 7/7
   478 | D:1      | Reached XP level 2. HP: 15/15 MP: 5/9
  1129 | D:2      | Reached skill level 5 in Spellcasting
  1220 | D:2      | Reached XP level 3. HP: 19/20 MP: 5/11
  1224 | D:2      | Learned a level 3 spell: Mephitic Cloud
  1227 | D:2      | Learned a level 2 spell: Call Imp
  1230 | D:2      | Learned a level 2 spell: Blink
  2058 | D:2      | Slain by an orc

Illustrated notes

Levels and vault maps discovered:
D:1:      kennysheep_arrival_seaside, layout_loops_ring, serial_glass,
          glass_columns_b, glass_columns_a
D:2:      layout_loops_ring, serial_forest, infiniplex_forest_clump_long,
          infiniplex_forest_diagonal, infiniplex_forest_straight_4,
          infiniplex_forest_side_room, infiniplex_forest_lined_1
D:3:      layout_basic, mainiacjoe_overflow_alcove_2,
          nicolae_figureground_sparkle

Skill      XL: |  1  2 |
---------------+-------+-----
Spellcasting   | 5 |  5.3
Fighting       | |  0.9
Armour         | |  0.9
Dodging        | |  2.4
Stealth        | |  2.4
Conjurations   | |  1.8
Summonings     | |  1.1
Translocations | |  1.1

Action                     || total
---------------------------++-------
  Melee: Dagger            ||    11
   Cast: Magic Dart        ||    98
 Armour: Robe              ||     3
  Dodge: Dodged            ||    12

Table legend: (Time is in decaauts)
 A = Elapsed time spent in this place.
 B = Non-inter-level travel time spent in this place.
 C = Inter-level travel time spent in this place.
 D = Time resting spent in this place.
 E = Time spent auto-exploring this place.
 F = Levels seen in this place.
 G = Mean time per level.
                   A        B        C        D        E       F      G
               +--------+--------+--------+--------+--------+-----+--------+
         Total |   2061 |   1982 |     79 |      0 |   1779 |   3 |  687.0 |
       Dungeon |   2061 |   1982 |     79 |      0 |   1779 |   3 |  687.0 |
               +--------+--------+--------+--------+--------+-----+--------+

Top non-repeatable levels by time:
     D:1: 1062 daAuts
     D:2: 959 daAuts
     D:3: 39 daAuts
